 Dungeon Crawl Stone Soup version 0.25-a0-730-g633e9c3c14 (webtiles) character file.

Game seed: 1583383406026234128, levelgen mode: deterministic

302 Esekla the Magician (level 6, -1/32 HPs)
             Began as a Vine Stalker Skald on Apr 8, 2020.
             Was an Initiate of Vehumet.
             Killed from afar by an orc wizard (9 damage)
             ... with a puff of flame
             ... on level 4 of the Dungeon.
             The game lasted 00:22:54 (3111 turns).

Esekla the Magician (Vine Stalker Skald)            Turns: 3111, Time: 00:23:02

Health: -1/32      AC:  3    Str: 14    XL:     6   Next: 37%
Magic:  0/12       EV: 12    Int: 20    God:    Vehumet [......]
Gold:   106        SH:  0    Dex: 16    Spells: 4/12 levels left

rFire    . . .     SeeInvis .   a - +0 falchion
rCold    . . .     Gourm    .   (no shield)
rNeg     . . .     Faith    .   b - +0 leather armour
rPois    .         Spirit   +   (no helmet)
rElec    .         Reflect  .   (no cloak)
rCorr    .         Harm     .   (no gloves)
MR       .....                  (no boots)
Stlth    +.........             (no amulet)
HPRegen  0.50/turn              i - +5 ring of intelligence
MPRegen  0.13/turn              p - +3 ring of dexterity

@: singing
A: fangs 2, regeneration 1, magic shield, antimagic bite, no potion heal 3, rot
immunity
a: Renounce Religion


You were on level 4 of the Dungeon.
You worshipped Vehumet.
Vehumet was noncommittal.
You were very hungry.

You visited 1 branch of the dungeon, and saw 4 of its levels.

You collected 106 gold pieces.

Inventory:

Hand Weapons
 a - a +0 falchion (weapon)
 n - a +2 hand axe of freezing
Armour
 b - a +0 leather armour (worn)
Jewellery
 i - a +5 ring of intelligence (left hand)
 p - a +3 ring of dexterity (right hand)
Wands
 o - a wand of disintegration (9)
Scrolls
 c - 2 scrolls of teleportation {unknown}
 f - a scroll of random uselessness {unknown}
 j - a scroll of blinking {unknown}
 k - 4 scrolls of identify
 l - a scroll of fear {unknown}
 q - a scroll of amnesia {unknown}
Potions
 e - a potion of flight {unknown}
 g - a potion of might {unknown}
 h - a potion of ambrosia {unknown}
 m - 2 potions of stabbing
 r - a potion of lignification {unknown}
 s - a potion of degeneration {unknown}
 t - a potion of heal wounds {unknown}
Comestibles
 d - 9 rations


   Skills:
 + Level 2.5 Fighting
 + Level 3.0 Long Blades
 + Level 1.7 Armour
 + Level 2.2 Dodging
 + Level 0.1 Stealth
 * Level 3.5 Spellcasting
 + Level 3.2 Charms
 * Level 1.6 Translocations
 * Level 1.7 Ice Magic


You had 4 spell levels left.
You knew the following spells:

 Your Spells              Type           Power        Failure   Level  Hunger
a - Ozocubu's Armour      Chrm/Ice       ##......     19%         3    ###....
b - Infusion              Chrm           ###.         4%          1    None
g - Shroud of Golubria    Chrm/Tloc      ##....       9%          2    ##.....
s - Song of Slaying       Chrm           ###.....     7%          2    ##.....

Your spell library contained the following spells:

 Spells                   Type           Power        Failure   Level  Hunger
 Spectral Weapon          Hex/Chrm       ##......     26%         3    ###....


Dungeon Overview and Level Annotations

Branches:
Dungeon (4/15)
 Temple: D:4-7

Altars:
Makhleb
Uskayaw
Vehumet


Innate Abilities, Weirdness & Mutations

You have extremely sharp teeth.
Your natural rate of healing is unusually fast.
When hurt, damage is shared between your health and your magic reserves.
Your bite disrupts and absorbs the magic of your enemies.
Potions cannot restore your health.
You are immune to rotting.


Message History

A puff of frost appears from out of thin air!
The puff of frost hits you.
An orc wizard comes into view. It is wielding a +0 dagger.
You hit the orc. You bite the orc.
You kill the orc!
Vehumet accepts your kill.
You hear a shout!
Something hits you.
A worker ant comes into view.
Something hits you. Something hits you but does no damage. Something hits you.
Things that are here:
a +0 club; a +0 leather armour; a +0 hand axe The orc wizard points at you and mumbles some strange words.
The magic dart hits you!
* * * LOW HITPOINT WARNING * * *
You hear some strange, mumbled words.
A puff of flame appears from out of thin air!
The puff of flame hits you!
You die...

#.########
#..o..@){#
..#.#####a#
#)# ...
...## .....
.....#
$#..$#.
...... #


You could see a worker ant and an orc wizard.

Vanquished Creatures
  A crimson imp (D:2)
  An orc priest (D:2)
  2 orc wizards
  Natasha (twice) (D:3)
  A gnoll (D:3)
  4 adders
  An adder skeleton (D:3)
  8 orcs
  5 bats
  4 giant cockroaches
  7 goblins
  12 hobgoblins
  7 jackals
  5 kobolds
  A quokka (D:4)
  3 frilled lizards
  9 rats
73 creatures vanquished.

Notes
Turn   | Place    | Note
-------+----------+-------------------------------------------
     0 | D:1      | Esekla the Vine Stalker Skald began the quest for the Orb.
     0 | D:1      | Reached XP level 1. HP: 11/11 MP: 4/4
   146 | D:1      | Reached XP level 2. HP: 15/15 MP: 4/6
   155 | D:1      | Learned a level 2 spell: Song of Slaying
   158 | D:1      | Learned a level 2 spell: Shroud of Golubria
   831 | D:3      | Reached XP level 3. HP: 18/18 MP: 5/7
  1249 | D:2      | Reached skill level 1 in Armour
  1249 | D:2      | Reached skill level 1 in Translocations
  1249 | D:2      | Gained mutation: Your natural rate of healing is unusually
                  | fast. [Vine Stalker growth]
  1249 | D:2      | Reached XP level 4. HP: 16/23 MP: 6/9
  1257 | D:2      | Learned a level 3 spell: Ozocubu's Armour
  1398 | D:2      | Found a hide-covered altar of Uskayaw.
  1399 | D:2      | Noticed a +0 dagger
  1399 | D:2      | Noticed a +0 dagger
  2164 | D:3      | Reached skill level 1 in Ice Magic
  2164 | D:3      | Reached XP level 5. HP: 22/26 MP: 8/10
  2555 | D:2      | Found a burning altar of Makhleb.
  2555 | D:2      | Found a radiant altar of Vehumet.
  2559 | D:2      | Became a worshipper of Vehumet
  2700 | D:3      | Reached XP level 6. HP: 24/30 MP: 9/12
  2870 | D:3      | Noticed Natasha
  2891 | D:3      | Killed Natasha
  2930 | D:3      | Noticed Natasha
  2937 | D:3      | Killed Natasha
  3111 | D:4      | Killed from afar by an orc wizard

Levels and vault maps discovered:
D:1:      ncdulo_wetmaze, layout_basic, corexii_item_surrounded_by_moat
D:2:      layout_loops_ring, gammafunk_temple_overflow_wave,
          dancing_weapons_uskayaw
D:3:      layout_loops_corners, uniq_natasha
D:4:      layout_loops_cross, chequers_temple_overflow_statue_of_worship,
          gammafunk_ghost_abyssal_escape, uniq_blork_the_orc

Skill      XL: |  1  2  3  4  5 |
---------------+----------------+-----
Long Blades    | 2 3 |  3.0
Fighting       | 2 |  2.5
Armour         | 1 |  1.7
Translocations | 1 |  1.6
Dodging        | 2 |  2.2
Spellcasting   | 3 |  3.5
Ice Magic      | 1 |  1.7
Stealth        | |  0.1
Charms         | |  3.2

Action                   |  1- 3 |  4- 6 || total
-------------------------+-------+-------++-------
Melee: Falchion          |    82 |   154 ||   236
       Bite              |    22 |    52 ||    74
 Cast: Shroud of Golubri |     2 |       ||     2
       Ozocubu's Armour  |       |     5 ||     5
       Song of Slaying   |       |     2 ||     2
  Use: Scroll            |       |     1 ||     1
  Eat: Chunk             |     1 |     6 ||     7
Armor: Leather armour    |    16 |    35 ||    51
Dodge: Dodged            |    53 |    98 ||   151
       Rpst.: Falchion   |    18 |    32 ||    50

Table legend:
 A = Non-vault XP
 B = Vault XP
 C = Vault XP percentage of total XP
 D = Non-vault monster count
 E = Vault monster count
 F = Vault count percentage of total count
                 A         B        C        D         E       F
            +---------+---------+-------+---------+---------+-------
      Total |     399 |      33 |   7.6 |      72 |       1 |   1.4
            +---------+---------+-------+---------+---------+-------
        D:1 |      46 |       0 |   0.0 |      27 |       0 |   0.0
        D:2 |     168 |       0 |   0.0 |      16 |       0 |   0.0
        D:3 |     171 |      33 |  16.2 |      24 |       1 |   4.0
        D:4 |      14 |       0 |   0.0 |       5 |       0 |   0.0
            +---------+---------+-------+---------+---------+-------
